 Dungeon Crawl Stone Soup version 0.29.1-1-gd02db6906a (webtiles) character file.

Game seed: 4704973101049234547

44 gelatine the Magician (level 3, 0/26 HPs)
             Began as a Djinni Fire Elementalist on Sept 22, 2022.
             Slain by an iguana (12 damage)
             ... on level 2 of the Dungeon.
             The game lasted 00:03:32 (1697 turns).

gelatine the Magician (Djinni Fire Elementalist)    Turns: 1697, Time: 00:03:33

Health: 0/26       AC:  4    Str:  7    XL:     3   Next: 87%
Gold:   71         EV: 12    Int: 24    God:
                   SH:  0    Dex: 13

rFire   + + .      SeeInvis .   l - +1 dagger (elec)
rCold   x . .      Faith    .   (no shield)
rNeg    + . .      Spirit   .   a - +0 robe
rPois   ∞          Reflect  .   i - +0 helmet
rElec   .          Harm     .   h - +0 cloak
rCorr   .          Rampage  .   (no gloves)
Will    .....                   (boots unavailable)
Stlth   ++........              (no amulet)
HPRegen 0.08/turn               e - ring of positive energy
MPRegen 0.00/turn               k - +6 ring of intelligence

@: flying
A: sickness immunity, fire resistance 2, cold vulnerability 1, float, innate
caster, HP casting, extra vitality 1
a: no special abilities


You were on level 2 of the Dungeon.
You visited 1 branch of the dungeon, and saw 2 of its levels.

You collected 71 gold pieces.

Inventory:

Hand Weapons
 d - a +0 short sword
 l - a +1 dagger of electrocution (weapon)
Armour
 a - a +0 robe (worn)
 h - a +0 cloak (worn)
 i - a +0 helmet (worn)
Jewellery
 e - a ring of positive energy (left hand)
 k - a +6 ring of intelligence (right hand)
Scrolls
 b - a scroll of identify {unknown}
 g - a scroll of amnesia {unknown}
 j - a scroll of enchant weapon {unknown}
Potions
 c - a potion of brilliance {unknown}
 f - a potion of lignification {unknown}
 m - a potion of heal wounds {unknown}


   Skills:
 * Level 0.4 Fighting
 * Level 2.3 Dodging
 * Level 1.9 Stealth
 + Level 3.2 Spellcasting


You couldn't memorise any spells.
You knew the following spells:

 Your Spells              Type           Power      Damage    Failure   Level
a - Foxfire               Conj/Fire      76%        2x1d7     2%          1
b - Scorch                Fire           38%        2d6       4%          2
c - Conjure Flame         Conj/Fire      19%        6-21      9%          3
d - Inner Flame           Hex/Fire       19%        N/A       9%          3
e - Flame Wave            Conj/Fire      19%        2d7       26%         4
f - Freeze                Ice            76%        1d9       2%          1
Your spell library was empty.

Dungeon Overview and Level Annotations

Branches:
Dungeon (2/15)

Altars:

Annotations:
D:2 Robin


Innate Abilities, Weirdness & Mutations

You are immune to sickness and miasma.
You are immune to poison.
Your flesh is very heat resistant. (rF++)
You are vulnerable to cold. (rC-)
You float through the air rather than walking.
You learn spells naturally, not from books.
Your magical power is your life essence.
You have superior vitality. (+4 MHP)


Message History

You conjure some foxfire!
Robin throws the goblin at you! The goblin hits you but does no damage.
You conjure some foxfire!
The foxfire hits the iguana but does no damage.
The foxfire hits the goblin.
The goblin is heavily wounded.
The foxfire hits Robin!
Robin is heavily wounded.
Robin roars a battlecry!
The goblins go into a battle-frenzy!
The goblin hits you with a +0 dagger.
You hear a shout!
You conjure some foxfire!
You hear a shout!
The foxfire hits the goblin.
You kill the goblin!
The foxfire hits the iguana.
The iguana is lightly wounded.
You conjure some foxfire!
The foxfire hits the iguana but does no damage.
The iguana is lightly wounded.
The foxfire hits the iguana.
The iguana is moderately wounded.
You conjure some foxfire!
The foxfire hits the iguana.
The iguana is heavily wounded.
The foxfire hits the iguana.
The iguana is heavily wounded.
Robin throws the goblin at you! The goblin barely misses you.
Unknown command.
You hit the goblin.
You kill the goblin!
The foxfire hits the iguana.
The iguana is severely wounded.
The foxfire hits the iguana.
The iguana is severely wounded.
The iguana barely misses you.
A hobgoblin comes into view.
Robin's bangles clink loudly.
The iguana attacks as you move away! The iguana bites you!
You die...

##########
#############
#.........
............#
#.........
......g.)...#
#.....)...
..†.g.?l....#
##....##.##
.).).###@#.##
#..#####.##
.)g #<#.##
#..# #... .
..#..# ##.##
###.
.#.####)##
#.[#### ##
..>......#
##....#
..####...##
####.# ...
###..# #.#
### #..# #.##
#..## #..#


You could see an iguana, Robin and a hobgoblin (strong).

Vanquished Creatures
  A dart slug (D:1)
  2 bats (D:1)
  6 endoplasms
  5 hobgoblins
  4 jackals (D:1)
  2 frilled lizards
  11 goblins
  3 kobolds (D:1)
  2 rats
36 creatures vanquished.

Vanquished Creatures (others)
  104 foxfires
104 creatures vanquished.

Grand Total: 140 creatures vanquished

Notes
Turn   | Place    | Note
-------+----------+-------------------------------------------
     0 | D:1      | gelatine the Djinni Fire Elementalist began the quest for
                  | the Orb.
     0 | D:1      | gelatine set off with the following spells memorised:
                  | Foxfire, Scorch, Conjure Flame, Inner Flame, Flame Wave.
     0 | D:1      | Reached XP level 1. HP: 15/15 MP: 0/0
   154 | D:1      | Reached XP level 2. HP: 17/21 MP: 0/0
   335 | D:1      | Reached skill level 3 in Spellcasting
   339 | D:1      | Reached XP level 3. HP: 2/25 MP: 0/0
   339 | D:1      | Learned a level 1 spell: Freeze
   868 | D:1      | Found a faded altar of an unknown god.
  1687 | D:2      | Noticed Robin
  1697 | D:2      | Slain by an iguana

Illustrated notes

Levels and vault maps discovered:
D:1:      minmay_arrival_four_circles, layout_basic,
          shapermc_ecumenical_altar_venn, minmay_pentomino_x2
D:2:      minmay_roachtagon, layout_rooms, basic_altar,
          kennysheep_decorative_pillar, uniq_robin

Skill      XL: |  1  2 |
---------------+-------+-----
Spellcasting   | 3 |  3.2
Fighting       | |  0.4
Dodging        | |  2.3
Stealth        | |  1.9

Action                   || total
-------------------------++-------
Melee: Short sword       ||     9
       Dagger            ||     1
 Cast: Foxfire           ||    63
       Scorch            ||     4
Armor: Robe              ||     7
Dodge: Dodged            ||    18
